 Dungeon Crawl Stone Soup version 0.30.0-13-g156ef70053 (webtiles) character file.

Game seed: 8038550130195578857

18 Esekla the Grave Robber (level 2, 0/18 HPs)
             Began as an Octopode Necromancer on May 17, 2023.
             Slain by a jackal (3 damage)
             ... on level 1 of the Dungeon.
             The game lasted 00:01:45 (359 turns).

Esekla the Grave Robber (Octopode Necromancer)       Turns: 359, Time: 00:01:46

Health: 0/18       AC:  1    Str:  7    XL:     2   Next: 66%
Magic:  5/5        EV: 13    Int: 17    God:
Gold:   28         SH:  0    Dex: 12    Spells: 4/5 levels left

rFire   . . .        b - +4 dagger
rCold   . . .        (no shield)
rNeg    . . .        (helmet restricted)
rPois   .            (no amulet)
rElec   .            (no ring)
rCorr   .            (no ring)
SInv    .            (no ring)
Will    .....        (no ring)
Stlth   +++          (no ring)
HPRegen 0.23/turn    (no ring)
MPRegen 0.09/turn    (no ring)
                     (no ring)

%: no passive effects
@: no status effects
A: almost no armour, amphibious, 8 rings, camouflage 1, gelatinous body 1,
(nimble swimmer 1), tentacles
a: no special abilities


You were on level 1 of the Dungeon.
You visited 1 branch of the dungeon, and saw 1 of its levels.

You collected 28 gold pieces.

Inventory:

Hand Weapons
 b - a +4 dagger (weapon)
Scrolls
 c - 3 scrolls of identify {unknown}
 d - a scroll of immolation {unknown}
 e - a scroll of fear {unknown}
Potions
 a - 2 potions of magic
 f - 2 potions of curing {unknown}


   Skills:
 * Level 0.4 Fighting
 * Level 2.1 Dodging
 + Level 2.8 Stealth
 * Level 2.2 Spellcasting
 + Level 4.3 Necromancy


You had 4 spell levels left.
You knew the following spells:

 Your Spells              Type           Power      Damage    Failure   Level
a - Necrotise             Necr           64%        1d7       3%          1

Your spell library contained the following spells:

 Spells                   Type           Power      Damage    Failure   Level
 Vampiric Draining        Necr           16%        2d7       10%         3
 Animate Dead             Necr           16%        N/A       30%         4
 Agony                    Necr           16%        N/A       65%         5


Dungeon Overview and Level Annotations

Branches:
Dungeon (1/15)

Altars:


Innate Abilities, Weirdness & Mutations

You cannot wear most types of armour.
You are amphibious.
You can wear up to eight rings at the same time.
Your skin changes colour to match your surroundings (Stealth+).
Your rubbery body absorbs attacks. (AC +1, EV +1)
((You are camouflaged when in or above water. (Stealth+)))
You have tentacles for arms and can constrict up to eight enemies at once.


Message History

Found a scroll labelled SOD QERIPTI.
You see here 2 ruby potions.
f - 2 ruby potions You hit the goblin.
Your grab misses the goblin.
The goblin is moderately wounded.
The goblin barely misses you.
You closely miss the goblin. Your grab misses the goblin.
The goblin is moderately wounded.
The goblin misses you.
You hit the goblin.
You kill the goblin!
You see here a +0 club.
A hobgoblin comes into view.
A quokka comes into view.
You see here a scroll labelled SOD QERIPTI.
c - 3 scrolls labelled SOD QERIPTI (gained 1)
Found a leather armour.
The hobgoblin shouts!
You hear a bark! x2
A jackal comes into view.
The jackal barks!
You hit the hobgoblin. You grab the hobgoblin. You squeeze the hobgoblin.
You kill the hobgoblin!
A jackal comes into view.
You barely miss the quokka. Your grab misses the quokka.
You squeeze the quokka, but do no damage.
The quokka bites you.
A jackal comes into view.
You hit the quokka. Your grab misses the quokka.
The quokka is moderately wounded.
The quokka bites you. x2
A jackal comes into view.
The jackal barks!
You hit the quokka. Your grab misses the quokka.
The quokka is heavily wounded.
The quokka barely misses you. The jackal attacks as you move away!
The jackal bites you.
* * * LOW HITPOINT WARNING * * *
The quokka barely misses you. The jackal attacks as you move away!
The jackal bites you.
You die...

#..# #.)#
###### #..#
.....# #..#
.....# #..#
.....# #..#
.....# #..#
######
######h.#
#..[.@r.#
#.###.....#
.........
#.#.hh.#.#
.......# #
##.#.##.#
....# .. .#
## ..


You could see a quokka and 3 jackals.

Vanquished Creatures
  3 endoplasms (D:1)
  2 goblins (D:1)
  3 hobgoblins (D:1)
  3 ball pythons (D:1)
  2 bats (D:1)
  A frilled lizard (D:1)
  2 kobolds (D:1)
  A rat (D:1)
17 creatures vanquished.

Notes
Turn   | Place    | Note
-------+----------+-------------------------------------------
     0 | D:1      | Esekla the Octopode Necromancer began the quest for the
                  | Orb.
     0 | D:1      | Reached XP level 1. HP: 11/11 MP: 3/3
   145 | D:1      | Reached XP level 2. HP: 18/18 MP: 5/5
   359 | D:1      | Slain by a jackal

Illustrated notes

Levels and vault maps discovered:
D:1:      tarquinn_simple_flora_water_f, layout_basic

Action                     || total
---------------------------++-------
  Melee: Dagger            ||    36
         Tentacles         ||    11
         Unarmed           ||     4
         Constrict         ||     6
   Stab: Sleeping          ||     6
 Armour: Skin              ||     1
  Dodge: Dodged            ||    17
